 Dungeon Crawl Stone Soup version 0.30-a0-250-g41c1d76940 (webtiles) character file.

Game seed: 10873865675914123312

2 chippings the Firebug (level 1, -1/18 HPs)
             Began as a Human Cinder Acolyte on Oct 12, 2022.
             Was a High Priest of Ignis.
             Slain by a gnoll
             ... wielding a +0 spear
              (7 damage)
             ... on level 1 of the Dungeon.
             The game lasted 00:00:33 (79 turns).

chippings the Firebug (Human Cinder Acolyte)          Turns: 79, Time: 00:00:33

Health: -1/18      AC:  5    Str: 14    XL:     1   Next: 33%
Magic:  2/2        EV: 10    Int: 14    God:    Ignis [*****.]
Gold:   0          SH:  0    Dex:  8    Spells: 2/2 levels left

rFire   + . .      SeeInvis .    a - -1 spear (flame)
rCold   . . .      Faith    .    (no shield)
rNeg    . . .      Spirit   .    c - +0 ring mail
rPois   .          Reflect  .    (no helmet)
rElec   .          Harm     .    (no cloak)
rCorr   .          Rampage  .    (no gloves)
Will    .....                    (no boots)
Stlth   ..........               (no amulet)
HPRegen 0.23/turn                (no ring)
MPRegen 0.08/turn                (no ring)

@: no status effects
A: no striking features
a: Renounce Religion, Fiery Armour, Foxfire Swarm, Rising Flame


You were on level 1 of the Dungeon.
You worshipped Ignis.
Ignis was extremely pleased with you.
You visited 1 branch of the dungeon, and saw 1 of its levels.

Inventory:

Hand Weapons
 a - a -1 spear of flaming (weapon)
Armour
 c - a +0 ring mail (worn)
Potions
 b - a potion of flight {unknown}


   Skills:
 - Level 3.0 Fighting
 - Level 3.0 Polearms
 + Level 1.1 Spellcasting
 + Level 3.0 Fire Magic


You had 2 spell levels left.
You didn't know any spells.
Your spell library contained the following spells:

 Spells                   Type           Power      Damage    Failure   Level
 Scorch                   Fire           18%        2d5       22%         2


Dungeon Overview and Level Annotations

Branches:
Dungeon (1/15)

Altars:


Message History

The frilled lizard hisses angrily.
Things that are here:
a +0 dagger; a goblin corpse You hit the frilled lizard.
You burn the frilled lizard.
You kill the frilled lizard!
No target in view!
Things that are here:
a +0 dagger; a goblin corpse
Found a club.
Found 14 gold pieces and a book of Blasting.
A ball python comes into view.
The ball python hisses angrily.
A gnoll comes into view. It is wielding a +0 spear.
Found a scroll labelled MELYUP ZOCKENE.
You hit the ball python. You burn the ball python.
The ball python is severely wounded.
The ball python barely misses you. The ball python grabs you.
The ball python constricts you.
You closely miss the ball python.
The ball python is severely wounded.
The ball python bites you but does no damage.
The ball python constricts you.
You barely miss the ball python.
The ball python is severely wounded.
The ball python bites you. The ball python constricts you.
The gnoll hits you but does no damage.
You closely miss the ball python.
The ball python is severely wounded.
The ball python barely misses you. The ball python constricts you.
The gnoll hits you from afar with a +0 spear.
You are too injured to fight recklessly!
You barely miss the ball python.
The ball python is severely wounded.
The ball python bites you but does no damage.
The ball python constricts you.
The gnoll hits you from afar with a +0 spear.
You hit the ball python. You burn the ball python.
You kill the ball python!
The gnoll hits you from afar with a +0 spear!
You die...

#. #. ... #. #.
.... ##)##.##
###...#
###......##......?
.:.....#.........
#......#..g.##.#
#...#..........
#....@..$....
##...###.....
#.#.##.....#
#####.#...... #
#............
#.#######....
##.#######....
#..........#.#
######).#######


You could see a gnoll.

Vanquished Creatures
  A ball python (D:1)
  A bat (D:1)
  A frilled lizard (D:1)
  A goblin (D:1)
4 creatures vanquished.

Notes
Turn   | Place    | Note
-------+----------+-------------------------------------------
     0 | D:1      | chippings the Human Cinder Acolyte began the quest for the
                  | Orb.
     0 | D:1      | Reached XP level 1. HP: 18/18 MP: 2/2
    79 | D:1      | Slain by a gnoll

Illustrated notes

Levels and vault maps discovered:
D:1:      minmay_arrival_four_circles, layout_loops_ring,
          hellmonk_ecumenical_altar_inner_sanctum, minmay_stone_trees_small

Action                   || total
-------------------------++-------
Melee: Spear             ||    15
Armor: Ring mail         ||     6
Dodge: Dodged            ||     7

Table legend: (Time is in decaauts)
 A = Elapsed time spent in this place.
 B = Non-inter-level travel time spent in this place.
 C = Inter-level travel time spent in this place.
 D = Time resting spent in this place.
 E = Time spent auto-exploring this place.
 F = Levels seen in this place.
 G = Mean time per level.
                   A        B        C        D        E       F      G
               +--------+--------+--------+--------+--------+-----+--------+
         Total |     78 |     78 |      0 |      0 |     15 |   1 |   78.0 |
       Dungeon |     78 |     78 |      0 |      0 |     15 |   1 |   78.0 |
               +--------+--------+--------+--------+--------+-----+--------+

Top non-repeatable levels by time:
     D:1: 78 daAuts
